Cogmind - Beta 16 @@@ ROGUE MODE // 2025.11.20 @ 23:10:26 Player: guru-sr Result: Self-destructed Performance ------------- Evolutions (2) 1000 Regions Visited (4) 800 Robots Destroyed (83) 415 Value Destroyed (2267) 2267 Prototype IDs (17) 340 Alien Tech Used (0) 0 Bonus (340) 340 TOTAL SCORE: 5162 Bonus ------- High Alert Combat Kills 153 Follower Combat Kills 241 Friendly Fire -54 Cogmind --------- Core Integrity 181/550 Matter 297/300 Energy 17/100 System Corruption 20% Temperature Cool (0) Movement Treading (212) Ox1 Location -8/Storage Parts ------- > --- POWER (1) -------- (None) > --- PROPULSION (3) --- Light Treads Advanced Treads > --- UTILITY (4) ------ High-capacity Storage Unit Core Analyzer > --- WEAPON (3) ------- Plasma Cannon Flak Cannon > --- INVENTORY (20) --- Improved Deuterium Engine Carbon-fiber Leg Makeshift Leg Cargo Legs Compact Battery (200) Improved Terrain Scanner Improved Terrain Scan Processor Hardened Medium Armor Plating Hardlight Generator Hacking Suite Hacking Suite System Shield System Shield Plasma Cannon Ion Burst Cannon Heavy Rocket Launcher Heavy Rocket Launcher Peak State ------------ > --- POWER ------------ Improved Deuterium Engine > --- PROPULSION ------- Light Treads Spiked Treads Advanced Treads > --- UTILITY ---------- High-capacity Storage Unit Advanced Visual Processing Unit Seismic Detector Core Analyzer > --- WEAPON ----------- Plasma Cannon Ion Burst Cannon Flak Cannon > --- INVENTORY -------- Improved Deuterium Engine Carbon-fiber Leg Makeshift Leg Cargo Legs Improved Heat Sink Compact Battery Improved Terrain Scanner Improved Terrain Scan Processor Hardened Medium Armor Plating Hardlight Generator Hacking Suite Hacking Suite System Shield System Shield Plasma Cannon Plasma Cannon Plasma Cannon Heavy Rocket Launcher Heavy Rocket Launcher [Rating: 39] Favorites ----------- Power Improved Deuterium Engine Engine Improved Deuterium Engine Power Core Light Nuclear Core Propulsion Light Treads Treads Light Treads Wheel Compact Wheel Flight Unit Cooled VTOL Module Utility High-capacity Storage Unit Device Seismic Detector Storage High-capacity Storage Unit Processor Core Analyzer Protection Core Shielding Weapon Flak Cannon Energy Gun Subdweller Laser Energy Cannon Subdweller Beam Cannon Ballistic Gun Barrage Gun Ballistic Cannon Flak Cannon Launcher Heavy Rocket Launcher Special Weapon Mining Laser Build | -11 -10 -10 -8 -8 ------- Run | Yrd Mat Sub Mat Sto Slots Evolved 4 | . . . 4 . Power . | . . . . . Propulsion 1 | . . . 1 . Utility 2 | . . . 2 . Weapon 1 | . . . 1 . Parts Attached 62 | 7 8 12 24 11 Power 7 | 1 1 2 3 . Engine 6 | 1 1 1 3 . Core 1 | . . 1 . . Reactor . | . . . . . Propulsion 15 | 2 1 3 2 7 Treads 12 | 2 . 2 2 6 Leg . | . . . . . Wheel 2 | . 1 1 . . Hover . | . . . . . Flight 1 | . . . . 1 Utility 19 | 2 3 1 11 2 Device 8 | 1 . . 5 2 Storage 2 | 1 1 . . . Processor 3 | . . . 3 . Hackware . | . . . . . Protection 6 | . 2 1 3 . Artifact . | . . . . . Weapon 21 | 2 3 6 8 2 Energy Gun 2 | . . 1 1 . Energy Cannon 8 | . 1 1 4 2 Ballistic Gun 8 | 2 1 4 1 . Ballistic Cannon 1 | . . . 1 . Launcher 1 | . . . 1 . Special Weapon 1 | . 1 . . . Impact Weapon . | . . . . . Slashing Weapon . | . . . . . Piercing Weapon . | . . . . . Special Melee Weapon . | . . . . . Unidentified Prototypes 3 | . . . 1 2 Parts Lost 15 | . . 3 6 6 Power 2 | . . 1 . 1 Propulsion 4 | . . 1 2 1 Utility 5 | . . . 3 2 Weapon 4 | . . 1 1 2 Highest Loss Streak 6 | . . 2 3 6 To Critical Strikes . | . . . . . Average Backups 17 | 4 15 18 18 18 Power . | . . . 1 1 Propulsion 3 | . 1 3 3 3 Utility 7 | . 7 6 9 9 Weapon 6 | 1 5 8 4 4 Tool/Special . | . . . . . Unused Backups 39 | . 1 9 13 16 Power 3 | . . 1 1 1 Propulsion 5 | . . . 2 3 Utility 14 | . . 3 3 8 Weapon 17 | . 1 5 7 4 Tool/Special . | . . . . . Average Slot Usage (%) 98 | . 100 99 97 98 Engine 8 | . 14 5 8 8 Core 3 | . . 7 . . Treads 18 | . 16 14 20 26 Wheel 9 | . 11 13 6 . Device 11 | . 13 12 10 9 Storage 11 | . 14 14 9 9 Processor 6 | . . . 14 16 Protection 1 | . . 1 1 1 Energy Cannon 12 | . 2 12 14 17 Ballistic Gun 9 | . 21 12 2 . Ballistic Cannon 3 | . . . 7 8 Special Weapon 1 | . 4 2 . . Peak Build Rating 39 | 7 9 18 36 39 Average Rating 21 | 6 8 14 32 35 On Entrance 12 | . 7 9 14 34 Avg Prop Armor Cover (%) 13 | . 12 13 17 6 Naked Turns . | . . . . . Heaviest Build 78 | 12 49 58 78 78 Greatest Support 64 | 40 40 40 60 64 Greatest Overweight (x) 4 | . 3 3 4 1 Average Overweight (x) 2 | . 1 2 3 . Largest Inventory Capacity 20 | 8 20 20 20 20 Average Capacity 19 | 7 18 20 20 20 Most Carried 20 | 6 20 20 20 20 Average Carried 18 | 4 15 19 19 19 Final Capacity 20 | 8 20 20 20 20 Final Carried 20 | 6 20 20 20 18 Class Distribution -------------------- 58% | Mutant 16% | Gunner 16% | Commander-Gunner Dominant Class ---------------- Mutant | -10/Materials Mutant | -10/Subcaves Gunner | -8/Materials Commander-Gunner | -8/Storage Resources | -11 -10 -10 -8 -8 ----------- Run | Yrd Mat Sub Mat Sto Matter Collected 3233 | 430 454 1008 787 554 Remotely . | . . . . . Salvage Created 2887 | 184 415 520 1106 662 Parts 175 | 16 25 24 70 40 Haulers Intercepted 3 | . 2 . 1 . Recyclers Shooed 1 | . . . . 1 Parts Field Recycled . | . . . . . Retrieved Matter . | . . . . . Parts Self-Destructed 10 | . . 10 . . Prevented . | . . . . . Parts Restored . | . . . . . Kills | -11 -10 -10 -8 -8 ------- Run | Yrd Mat Sub Mat Sto Combat Hostiles Destroyed 59 | . 6 11 28 14 Guns 8 | . 5 1 2 . Cannons 40 | . 1 8 17 14 AOE 8 | . . . 8 . Classes Destroyed 14 | 2 6 2 4 . Worker 2 | . 1 . 1 . Builder 1 | . 1 . . . Tunneler 8 | 7 . . 1 . Hauler 3 | . 2 . 1 . Recycler 5 | 1 1 . 2 1 Operator 1 | . 1 . . . Watcher 4 | . . . 4 . Swarmer 18 | . 3 . 11 4 Grunt 14 | . 3 1 9 1 Duelist 1 | . . . 1 . Sentry 14 | . . . 5 9 Hunter 2 | . . . 2 . Artisan 2 | . . 2 . . Subdweller 10 | . . 10 . . Best Kill Streak 19 | 2 3 2 19 4 Combat Bots Only 16 | . 2 2 16 4 Max Kills in Single Turn 5 | 1 1 1 5 1 Gunslinging . | . . . . . Exploded 3 | . . . 3 . Melee . | . . . . . Uniques/NPCs Destroyed . | . . . . . Combat | -11 -10 -10 -8 -8 -------- Run | Yrd Mat Sub Mat Sto Hostile Shots Fired 252 | . 37 26 114 75 Missed 72 | . 12 10 27 23 Hits 180 | . 25 16 87 52 Melee 1 | . . . 1 . Projectile 179 | . 25 16 86 52 AOE 4 | . . 4 . . Critical Strikes 4 | . 2 . 2 . Actively Blocked 1 | . . 1 . . Damage Taken 3591 | . 324 643 996 1628 Core 546 | . 89 88 95 274 Absorbed by Shields 208 | . . . 208 . Redirected to Shielding 11 | . 3 4 4 . Regen/Repaired (Parts) 257 | . . . 257 . Core Remaining (%) 64 | 100 . 29 . . Volleys Fired 309 | 40 73 47 83 66 Largest 3 | 2 2 2 3 3 Hottest 240 | 40 120 110 177 240 Shots Fired 561 | 80 117 76 162 126 Gun 206 | 80 67 28 31 . Cannon 295 | . 21 26 122 126 Launcher 6 | . . . 6 . Special 54 | . 29 22 3 . Kinetic 253 | 80 67 28 55 23 Thermal 302 | . 50 48 101 103 Explosive 6 | . . . 6 . Electromagnetic . | . . . . . Robot Hit Streak 35 | 9 10 34 35 19 Robot Miss Streak 8 | 2 3 2 7 8 Penetration Max . | . . . . . Secondary Targets . | . . . . . Shots Hit Robots 262 | 55 57 38 73 39 Core Hits 136 | 15 20 15 54 32 Critical Kills 2 | . . 2 . . Critical Parts Destroyed . | . . . . . Critical Strikes 2 | . . 2 . . Meltdown 2 | . . 2 . . Melee Attacks . | . . . . . Impact . | . . . . . Slashing . | . . . . . Piercing . | . . . . . Sneak Attacks . | . . . . . Combat Hostiles . | . . . . . Follow-up Attacks . | . . . . . Damage Inflicted 5756 | 591 829 835 2525 976 Guns 1739 | 591 570 287 291 . Cannons 3023 | . 233 548 1266 976 Explosions 968 | . . . 968 . Melee . | . . . . . Ramming . | . . . . . Kinetic 2266 | 591 570 287 522 296 Thermal 2522 | . 259 548 1035 680 Explosive 968 | . . . 968 . Electromagnetic . | . . . . . Impact . | . . . . . Slashing . | . . . . . Piercing . | . . . . . Highest Corruption 20 | . 1 1 . 20 Average Corruption 1 | . 1 1 . 11 Corruption Purged . | . . . . . Corruption Blocked . | . . . . . Effects 42 | . 14 26 . 2 Message Errors 9 | . 3 6 . . Matter Fused 6 | . 2 4 . . Heat Flow Errors 5 | . 2 3 . . Energy Discharges 9 | . 3 5 . 1 Data Loss (minor) 3 | . 1 2 . . Data Loss (major) 3 | . 2 1 . . Misfires 5 | . . 4 . 1 Alerts 1 | . . 1 . . Weapon Failures 1 | . 1 . . . Overload Shots . | . . . . . Overflow Damage 31 | . . . 31 . Projectiles 5 | . . . 5 . Explosions 26 | . . . 26 . Melee . | . . . . . Knockbacks 19 | . . . 8 11 Impact . | . . . . . Kinetic 18 | . . . 8 10 Secondary 1 | . . . . 1 Self-Inflicted Damage 202 | . . . 202 . Shots 4 | . . . 4 . Rammed . | . . . . . Targets Rammed . | . . . . . Kicked . | . . . . . Crushed . | . . . . . Highest Temperature 563 | . 390 236 507 563 Average Temperature 90 | . 69 39 95 111 Received Heat Transfer 551 | . 198 24 239 90 Effects 24 | . 1 . 6 17 Shutdowns 4 | . . . 2 2 Energy Bleed 2 | . 1 . . 1 Interference 5 | . . . . 5 Matter Decay 3 | . . . . 3 Short Circuit 4 | . . . 2 2 Damage (minor) 1 | . . . . 1 Damage (major) 5 | . . . 2 3 Siege Activations . | . . . . . Martial Activations . | . . . . . Shielding Activations . | . . . . . Robots Disrupted . | . . . . . Combat Hostiles . | . . . . . Robots Corrupted . | . . . . . Combat Hostiles . | . . . . . Parts Fried . | . . . . . Impact Corruptions . | . . . . . Robots Melted 3 | . . 2 1 . Combat Hostiles 3 | . . 2 1 . Parts Melted 7 | . . 1 3 3 Heat Transferred 4183 | . 531 777 1683 1192 Parts Sabotaged . | . . . . . Parts Stolen . | . . . . . Parts Stripped . | . . . . . Power Chain Reactions . | . . . . . Alert | -11 -10 -10 -8 -8 ------- Run | Yrd Mat Sub Mat Sto Maximum Alert Level 2 | . . . 2 2 Low Security (%) 58 | 100 100 . 68 3 Level 1 6 | . . . . 19 Level 2 34 | . . . 30 76 Level 3 . | . . . . . Level 4 . | . . . . . Level 5 . | . . . . . High Security . | . . . . . Max Security . | . . . . . Peak Influence 578 | 10 109 . 578 515 Initial 224 | . . . . 224 Average 203 | . 31 . 176 426 Influence Increases 2391 | 40 413 30 988 920 Destroy 0b10 Robot/C 1120 | . 120 20 560 420 Destroy 0b10 Robot/NC 140 | 40 30 . 45 25 Destroy Leader 326 | . 24 10 150 142 Allied During Kill 216 | . . . . 216 Successful Hack 108 | . 32 . 36 40 Select Force Hacks 90 | . 60 . 30 . Disable Machine 75 | . 15 . 30 30 Destroy Structure 181 | . 27 . 122 32 Lose Combat Pursuer 135 | . 105 . 15 15 Influence Decreases 2079 | 40 324 119 455 1141 Entered New Map 353 | . . 44 . 309 Time Decay 1456 | 40 324 75 395 622 Lost Part 120 | . . . 60 60 Lost Ally 150 | . . . . 150 Squads Dispatched 13 | . 3 . 7 3 Investigation 6 | . 3 . 2 1 Extermination . | . . . . . Reinforcement 2 | . . . 1 1 Assault 1 | . . . . 1 Garrison 4 | . . . 4 . Intercept . | . . . . . Searches Triggered . | . . . . . Construction Impeded 2 | . . . 1 1 Haulers Reinforced . | . . . . . Active Scanning Responses . | . . . . . Cargo Convoy Interrupts . | . . . . . Stealth | -11 -10 -10 -8 -8 --------- Run | Yrd Mat Sub Mat Sto Distress Signals 8 | . 6 . . 2 Communications Jammed . | . . . . . Distress Signals . | . . . . . Times Spotted 98 | . 18 16 41 23 Peak Tracking Total 10 | . 6 2 10 4 Tactical Retreats 7 | . 3 2 1 1 Traps | -11 -10 -10 -8 -8 ------- Run | Yrd Mat Sub Mat Sto Traps Triggered 6 | . 2 3 1 . Indirectly . | . . . . . Trap Hack Attempts . | . . . . . Triggered . | . . . . . Disarmed 1 | . 1 . . . Reprogrammed . | . . . . . Reused 2 | . . 2 . . Traps Extracted . | . . . . . Installed 2 | . . 2 . . Triggered . | . . . . . Most Traps Carried 2 | . . 2 . . Machines | -11 -10 -10 -8 -8 ---------- Run | Yrd Mat Sub Mat Sto Machines Disabled 7 | . 1 2 2 2 Max in Single Turn 1 | . 1 1 1 1 Machines Repaired . | . . . . . Machines Dismantled . | . . . . . Machines Sabotaged . | . . . . . Overloaded Fab Kills . | . . . . . Hacking | -11 -10 -10 -8 -8 --------- Run | Yrd Mat Sub Mat Sto Machines Accessed 37 | . 11 2 10 14 Terminals 26 | . 8 . 6 12 Fabricators . | . . . . . Repair Stations 2 | . 1 . 1 . Recycling Units 5 | . 2 . 1 2 Scanalyzers 2 | . . . 2 . Garrison Access . | . . . . . Total Hacks 120 | . 35 13 37 35 Successful 78 | . 21 13 27 17 Failed 41 | . 13 . 10 18 Catastrophic 7 | . 2 . 1 4 Database Lockouts 1 | . 1 . . . Manual 68 | . 22 . 17 29 Terminals 77 | . 29 . 22 26 Fabricators . | . . . . . Repair Stations 11 | . 3 . 8 . Recycling Units 13 | . 3 . 1 9 Scanalyzers 6 | . . . 6 . Garrison Access . | . . . . . Terminal Hacks 40 | . 12 13 6 9 Record 12 | . . 12 . . Robot Analysis 7 | . 7 . . . Prototype ID Bank 1 | . 1 . . . Open Door 4 | . . . . 4 Branch Access Points 1 | . . . 1 . Terminal Index 2 | . 1 . . 1 Scanalyzer Index 1 | . . . 1 . Locate Traps 5 | . 1 . 1 3 Disarm Traps 1 | . 1 . . . Hauler Manifests 1 | . . . 1 . Zone Layout 4 | . 1 . 2 1 Proto ID Catalog 1 | . . 1 . . Fabricator Hacks . | . . . . . Repair Station Hacks 9 | . 1 . 8 . Scan Component 5 | . 1 . 4 . Repair 4 | . . . 4 . Recycling Unit Hacks 2 | . 1 . . 1 Report Inventory 2 | . 1 . . 1 Scanalyzer 6 | . . . 6 . Insert Component 2 | . . . 2 . Analyze 2 | . . . 2 . Retrieve Study 2 | . . . 2 . Garrison Access Hacks . | . . . . . Unauthorized Hacks 21 | . 7 . 7 7 Terminals 15 | . 5 . 6 4 Assimilate 3 | . 1 . 1 1 Botnet 7 | . 2 . 3 2 Operators 3 | . 1 . 1 1 Skim 2 | . 1 . 1 . Fabricators . | . . . . . Repair Stations . | . . . . . Recycling Units 6 | . 2 . 1 3 Reject 1 | . . . . 1 Mask 2 | . . . . 2 Tunnel 3 | . 2 . 1 . Scanalyzers . | . . . . . Garrison Access . | . . . . . Data Cores Recovered 2 | . 1 . . 1 Used . | . . . . . Hacking Detections 32 | . 9 . 9 14 Full Trace Events 3 | . . . 2 1 Feedback Events . | . . . . . Feedback Blocked . | . . . . . Robot Schematics Acquired . | . . . . . Robots Built . | . . . . . Authchips . | . . . . . Time . | . . . . . Total Robot Build Rating . | . . . . . Part Schematics Acquired 2 | . . . 2 . Parts Built . | . . . . . Authchips . | . . . . . Time . | . . . . . Total Part Build Rating . | . . . . . Part Studies Acquired 2 | . . . 2 . Parts Repaired 4 | . . . 4 . Time 172 | . . . 172 . Parts Recycled . | . . . . . Recycled Matter . | . . . . . Retrieved Matter . | . . . . . Retrieved Components . | . . . . . Parts Scanalyzed 2 | . . . 2 . Part Schematics Acquired 2 | . . . 2 . Parts Damaged 1 | . . . 1 . Bothacking | -11 -10 -10 -8 -8 ------------ Run | Yrd Mat Sub Mat Sto Used RIF Installer . | . . . . . Robots Hacked . | . . . . . Non-combat . | . . . . . Combat . | . . . . . Robot Hacks Applied . | . . . . . Relay Couplers Released . | . . . . . Fabnet Peak Effective % . | . . . . . Robots Rewired . | . . . . . Allies Hacked . | . . . . . Hacks Repelled . | . . . . . Allies | -11 -10 -10 -8 -8 -------- Run | Yrd Mat Sub Mat Sto Total Allies 11 | . . . 1 10 Largest Group 11 | . . . 1 11 Highest-Rated Group 183 | . . . 10 183 Highest-Rated Ally 29 | . . . 10 29 Total Orders 42 | . . . 7 35 STAY 13 | . . . 4 9 FOLLOW 3 | . . . 3 . AID 10 | . . . . 10 EXPLORE 16 | . . . . 16 Ally Attacks 54 | . . . . 54 Total Damage 666 | . . . . 666 Kills 11 | . . . . 11 Allies Corrupted . | . . . . . Allies Melted . | . . . . . Intel | -11 -10 -10 -8 -8 ------- Run | Yrd Mat Sub Mat Sto Active Infowar (turns) 10530 | 216 1704 4357 2359 1894 Optics 3818 | . . . 2113 1705 Seismic 9856 | 216 1704 4357 1848 1731 Robot Analysis Total 7 | . 7 . . . Derelict Logs Recovered 2 | . . 2 . . Drone Launches 16 | . . . . 16 Drone Recoveries 2 | . . . . 2 Exploration | -11 -10 -10 -8 -8 ------------- Run | Yrd Mat Sub Mat Sto Turns Passed 11729 | 488 1735 4884 2520 2102 Spaces Moved 5480 | 225 891 2558 1055 751 Core 6 | 6 . . . . Treads 1419 | 219 167 18 264 751 Legs . | . . . . . Wheels 4055 | . 724 2540 791 . Hover . | . . . . . Flight . | . . . . . Fastest Speed 50 | 50 130 115 130 155 Average Speed 159 | 157 138 143 174 219 Slowest Speed 460 | 160 240 250 460 230 Overloaded Moves . | . . . . . Propulsion Burnouts . | . . . . . Robots Hopped . | . . . . . Potential Cave-ins 27 | . . 5 . 22 Cave-ins Triggered 4 | . . . . 4 Exploration Rate (%) 66 | 10 100 70 55 95 Regions Visited 4 Branch Regions 2 Pre-discovered Areas 4 | . 2 1 1 . Known Exits Taken 1 | . . . 1 . Unknown Exits Taken 3 | 1 1 1 . . Scrap Searched 11 | . . 11 . . Spaces Dug 91 | . 25 . 34 32 Terrain Destroyed 204 | . 26 2 129 47 Melee . | . . . . . Projectile 121 | . 26 2 46 47 AOE 83 | . . . 83 . Terrain Rammed . | . . . . . Walls Destroyed . | . . . . . Machines Disabled . | . . . . . Actions | -11 -10 -10 -8 -8 --------- Run | Yrd Mat Sub Mat Sto Total 7811 | 285 1204 3635 1597 1090 Wait 1662 | 7 194 916 339 206 Move 5474 | 224 890 2557 1054 749 Hop . | . . . . . Pick Up 90 | 7 16 25 36 6 Fast Attach 30 | 6 . . 16 8 Attach 15 | 1 . 3 8 3 Detach . | . . . . . Swap 135 | . 28 61 24 22 Drop 82 | . 3 24 37 18 Fire 309 | 40 73 47 83 66 Melee . | . . . . . Ram . | . . . . . Kick . | . . . . . Crush . | . . . . . Escape Stasis 2 | . . . . 2 Rewire 3 | . . . . 3 Trap 2 | . . 2 . . Miscellaneous 7 | . . . . 7 Route ------- -11/Scrapyard -10/Materials (discovered 6 exits: [*Mat x3] / [*Min x2] / *Sub) -10/Subcaves -8/Materials (discovered 3 exits: [*Fac] / *Sto x2) -8/Storage (discovered 1 exit: [*Fac]) History --------- Turn | Location | Event 8 | -11/Scrapyard | Discovered new exit (range 15) 489 | -11/Scrapyard | Entered Materials 490 | -10/Materials | Build established: Mutant 545 | -10/Materials | Discovered new exit (range 5) 810 | -10/Materials | Discovered new exit (range 5) 963 | -10/Materials | Discovered new exit (range 16) 1694 | -10/Materials | Discovered new exit (range 11) 1960 | -10/Materials | Central database locked down 2035 | -10/Materials | Discovered new exit (range 3) 2208 | -10/Materials | Discovered new exit (range 10) 2224 | -10/Materials | Entered Subcaves 2368 | -10/Subcaves | Learned Materials emergency access door positions 2456 | -10/Subcaves | Disturbed a concealed Subdweller 2788 | -10/Subcaves | Learned location of Zion (-6) 2788 | -10/Subcaves | Met a Zionite searching for "candidates" 3051 | -10/Subcaves | Discovered new exit (range 12) 3083 | -10/Subcaves | Core integrity fell below 50% 3768 | -10/Subcaves | Learned Materials terminal intel 3805 | -10/Subcaves | Visited 4L-MR0's lab 3868 | -10/Subcaves | Found Cargo Legs 4084 | -10/Subcaves | Visited Clippyterm 4088 | -10/Subcaves | Learned Research security intel 4088 | -10/Subcaves | Learned 40 Factory zone layouts 5755 | -10/Subcaves | Shifting Twisted Machinery released Battle Cannon 5918 | -10/Subcaves | Shifting Twisted Machinery released Scrap Shield 5973 | -10/Subcaves | A swath of the cavern ceiling suddenly collapsed 7108 | -10/Subcaves | Entered Materials 7108 | -8/Materials | Evolved 4 slots: Propulsion x1, Utility x2, Weapon x1 7110 | -8/Materials | Loaded intel: 12 terminal locations 7329 | -8/Materials | Discovered new exit (range 7) 7683 | -8/Materials | Build established: Gunner 7926 | -8/Materials | Repaired Lgt. Treads 7959 | -8/Materials | Repaired Spk. Treads 7969 | -8/Materials | Discovered new exit (range 3) 8371 | -8/Materials | Discovered new exit (range 11) 8399 | -8/Materials | Identified exit to Storage 8880 | -8/Materials | Destroyed 16 combat bots 8881 | -8/Materials | Garrison activated, responded to threat 8890 | -8/Materials | Lost 3 parts (2n1u) 9044 | -8/Materials | Repaired Broken Flak Cannon 9066 | -8/Materials | Garrison activated, responded to threat 9109 | -8/Materials | Repaired Broken Mak. Leg? 9628 | -8/Materials | Entered Storage 9628 | -8/Storage | Accompanied by 1 ally 9710 | -8/Storage | Assisted by bots powering up and referring to "LRC-V3" 10020 | -8/Storage | Build established: Commander-Gunner 10828 | -8/Storage | First assault squad dispatched 11445 | -8/Storage | Discovered new exit (range 16) 11663 | -8/Storage | Lost 4 allies 11666 | -8/Storage | Crushed by falling debris 11685 | -8/Storage | Crushed by falling debris 11685 | -8/Storage | System corruption reached 10% 11705 | -8/Storage | Crushed by falling debris 11706 | -8/Storage | Core integrity fell below 50% 11724 | -8/Storage | Crushed by falling debris 11730 | -8/Storage | Self-destructed Last Messages --------------- 11666_ System corrupted by crushing effect (+1). 11666_ Imp. Heat Sink destroyed. 11666_ System corrupted by crushing effect (+4). 11671_ The unstable cave ceiling collapses. 11685_ Crushed by falling debris. 11685_ Plasma Cannon destroyed. 11685_ System corrupted by crushing effect (+5). 11685_ Imp. Deuterium Engine destroyed. 11685_ System corrupted by crushing effect (+3). 11687_ System corrupted: FCS attempts to trigger Plasma Cannon. 11687_ System corrupted: Plasma Cannon misfires. 11704_ The unstable cave ceiling collapses. 11705_ Crushed by falling debris. 11705_ Seismic Detector destroyed. 11705_ System corrupted by crushing effect (+2). 11717_ System corrupted: Energy discharge (-26). 11724_ The unstable cave ceiling collapses. 11724_ Crushed by falling debris. 11724_ Lgt. Treads+ destroyed. 11724_ System corrupted by crushing effect (+5). Map ----- +----------------------------------------------------+ | #"T"######## # ^ ##"T"### | | #"""# # "T" % ##"""#?? | | ##### # """ ##### ######?? | | ????# # % #???# ######## | | ##########+##### #??## ######## | | + # ######+#########??# # " ## | | # ### # #?# #??????# + " ## | | # #?# %# #?# """ #??????# # " ## | | # ### + ### """ #??????## ##T##### | | / # + """ #???????# ######## | | # ### # ### #???????# #??????? | | # #?# # #?# """ #???????# #??????? | | # #?# # #?# """ #####?### #??????? | | #?##/####/### #?# """ ## ## ## #??????? | | #??# #??# #?# #?# #"## ## #??????? | | # #??# #??# #?# #?########## ####### #??????? | | # #?## #### #?# #????????#######"### #####??? | | # #### #### ### #???????#####?## %+ #??? | | * # " * #"##??#T # #??? | | =% % + *# #??## ### #??? | | ##########+######## " # ##??# !"" #??? | | ?????????#=%#???###???????# ##??#!!!## #??? | | ?????????#[##?????????????#; #??#! !### ##??? | | ?????????#]#?????????????##;##??#! !#?# #???? | | ########?###????????????##;##???#####?# #???? | | "" """ #????????????????#@##??????????# #???? | | "" """ ##???????????????###???????????# #???? | | "" """ #?????????????????????????????# #???? | | % ##?????????????????????????????# #???? | | =##?????????????????????????????# #???? | | ##?????????????????????????????# < #???? | | ##?????????????????????????????# #???? | | #???????????????????????????????####???? | | ########??????????????????????????????????????? | | ??????????????????????????????????????????????? | | ??????????????????????????????????????????????? | | ??????????????????????????????????????????????? | | ??????????????????????????????????????????????? | | ??????????????????????????????????????????????? | | | | | | | | | | | | | | | | | | | | | | | +----------------------------------------------------+ Best States ------------- Heat Dissipation 45 Energy Generation 16 Energy Capacity 290 Matter Stores 300 Matter Capacity 300 Sight Range 20 Terrain Scan Density 10 Armor Coverage 225 Core Shielding 20 Propulsion Shielding 33 Evasion (%) 40 Core Analysis 6 Recoil Reduction 3 Item Schematics ----------------- Mak. Leg | -8/Materials | Scanalyzed Carbon-fiber Leg | -8/Materials | Scanalyzed Robot Schematics ------------------ None Fabricated ------------ Nothing Repaired ---------- Lgt. Treads | 21% | -8/Materials Spk. Treads | 62% | -8/Materials Flak Cannon | 60% | -8/Materials | Broken Mak. Leg | 85% | -8/Materials | Broken Studied --------- Carbon-fiber Leg | -8/Materials | Hacked Lgt. Treads | -8/Materials | Hacked Alien Tech Used ----------------- None Achievements -------------- Release The Drones! Challenges ------------ None Game ------ Seed DisruptionSegregatorMembrane Manual? 0 Play Time 02:29:56 Cumulative 52.6 hours Start 2025.11.20 @ 20:35:08 End 2025.11.20 @ 23:10:26 Sessions 1 Manual Loads 0 Difficulty Rogue Special Mode None Game No. 30 Rogue 30 Adventurer 0 Explorer 0 Win Type - Total 1 Types 1/0/0/0/0/0/0/0/0/0 Lore% 22 Gallery% 28 Achievement% 34 Wizard Run 0 Options --------- Layout 0 ASCII 0 Keyboard 0 Movement Mouse Keybinds 0 Fullscreen 1 Font 18/SmallcapsGlow Map View 76x50 Zoom Use 0% Tactical HUD 1 Map Filters NONE Filters NONE Steam 1 RUN: cc8f0a68-85c6-4a9c-8052-499201d2177d